Map: Dusk Towers

Players

xKawaiian

  • Race: Terran Terran
  • League: Master

IIIIIIIIIIII - Winner!

  • Race: Protoss Protoss
  • League: Master

VOD

Have the link to the VOD?

Description

Time

  • Played on: Jan. 10, 2016, 11:03 a.m.
  • Length: 9:57
Show
View Real Time Build Order
Export as new Build Order

xKawaiian Terran 

Build Orders: Reaper Expand, MMM Bio 

Get SALT Encoding   

  12  0:00  SCV  
  13  0:12  SCV  
  14  0:17  Supply Depot  
  14  0:25  SCV  
  15  0:39  SCV  
  15  0:40  Barracks  
  16  0:46  Refinery  
  16  0:51  SCV  
  17  1:03  SCV  
  18  1:15  SCV  
  19  1:28  Orbital Command  
  19  1:30  Reaper  
  20  1:40  Command Center  
  20  1:51  Supply Depot  
  20  1:53  SCV  
  21  2:02  Barracks Reactor  
  21  2:05  SCV  
  21  2:07  Barracks  
  22  2:18  SCV  
  22  2:20  Barracks  
  23  2:30  SCV  
  24  2:39  Marine  
  24  2:40  Marine  
  24  2:42  SCV  
  27  2:52  Orbital Command  
  27  2:54  SCV  
  27  2:55  Barracks Tech Lab  
  28  3:02  Engineering Bay, Marine x2  
  30  3:06  SCV  
  30  3:07  Marine  
  30  3:12  Factory  
  32  3:17  Stimpack  
  32  3:18  SCV  
  32  3:19  SCV  
  34  3:20  Marine x2  
  34  3:23  Marine  
  37  3:38  Marine  
  37  3:39  Marine  
  37  3:40  SCV x2  
  40  3:43  Marine  
  40  3:44  Refinery  
  40  3:45  Marine  
  42  3:52  SCV  
  42  3:53  SCV  
  44  3:56  Supply Depot, Marine  
  44  3:57  Starport  
  44  4:02  Missile Turret  
  45  4:04  SCV  
  45  4:08  Factory Reactor  
  46  4:17  Marine x4  
  46  4:18  SCV x2  
  46  4:19  Supply Depot  
  52  4:26  Supply Depot  
  52  4:30  SCV x2  
  54  4:41  Marine x4  
  54  4:42  SCV x2  
  60  4:47  Medivac x2  
  60  4:49  Supply Depot  
  64  4:54  Supply Depot, SCV  
  64  4:57  SCV  
  64  4:58  Marine  
  67  5:02  Marine x2  
  69  5:10  Marine  
  70  5:15  Command Center  
  70  5:16  Marine  
  70  5:20  Marine x2  
  58  5:28  Marine  
  58  5:34  Marine  
  49  5:37  Marine  
  49  5:38  Marine  
  48  5:45  SCV x2  
  48  5:46  Marine  
  50  5:52  Marine  
  50  5:55  Factory Reactor, Marine  
  50  5:57  SCV x2  
  54  6:03  Medivac x2  
  59  6:04  Marine  
  59  6:09  Supply Depot, SCV x2  
  59  6:10  Supply Depot, Refinery x2, Marine  
  63  6:11  Combat Shields  
  63  6:15  Barracks Tech Lab  
  63  6:16  Marine  
  63  6:21  SCV x2  
  63  6:22  Marauder  
  67  6:33  SCV x2, Marine x2  
  71  6:42  Marine  
  71  6:44  Marauder  
  71  6:45  SCV x2  
  66  6:51  Marauder  
  66  6:52  Barracks  
  68  6:55  Barracks  
  68  6:56  Orbital Command  
  68  6:57  SCV  
  68  6:58  SCV  
  70  7:04  Medivac x2  
  70  7:05  Marauder  
  76  7:09  Terran Infantry Weapons Level 1, SCV  
  77  7:20  Marauder, Marine x2  
  79  7:23  SCV  
  79  7:24  SCV  
  79  7:26  Marauder  
  72  7:38  Marine x2  
  72  7:40  Marine  
  72  7:41  Barracks Tech Lab  
  72  7:42  Marauder  
  72  7:47  Marine  
  68  7:55  Marine  
  68  7:56  Marine  
  68  7:58  Marine  
  62  8:03  Marauder  
  62  8:06  Marauder  
  62  8:09  Marine  
  65  8:13  Marine  
  65  8:14  Marine  
  65  8:16  Marine  
  64  8:24  Marauder  
  64  8:26  Marine  
  61  8:27  Marauder  
  61  8:31  Marine  
  61  8:33  SCV  
  61  8:34  SCV  
  64  8:35  Marine  
  64  8:36  Widow Mine x2, Marine  
  64  8:38  SCV  
  71  8:43  Supply Depot  
  71  8:45  Marine, Marauder  
  71  8:46  SCV  
  75  8:48  Marine  
  75  8:49  Marine  
  75  8:53  Marine x2  
  57  9:03  Marine  
  57  9:06  Marine x2  
  57  9:07  Marine  
  48  9:11  Marine x2  
  49  9:21  Marine  
  49  9:23  Marine  
  45  9:24  Marine x2  
  45  9:28  Marine  
  41  9:37  Marine  
Show
View Real Time Build Order
Export as new Build Order

IIIIIIIIIIII Protoss - Winner!

Build Orders: 1 Gate Expand 

Get SALT Encoding   

  12  0:01  Probe (Chrono Boost)  
  13  0:11  Probe (Chrono Boost)  
  14  0:19  Pylon  
  14  0:22  Probe (Chrono Boost)  
  15  0:37  Probe (Chrono Boost), Gateway  
  16  0:47  Probe (Chrono Boost), Assimilator  
  17  0:58  Probe (Chrono Boost)  
  18  1:08  Probe (Chrono Boost)  
  19  1:20  Nexus  
  19  1:32  Cybernetics Core  
  19  1:34  Probe (Chrono Boost)  
  20  1:40  Assimilator  
  20  1:44  Probe (Chrono Boost)  
  21  1:55  Probe (Chrono Boost)  
  21  1:56  Pylon  
  22  2:05  Pylon  
  22  2:06  Probe (Chrono Boost)  
  23  2:14  Adept  
  25  2:17  Mothership Core (Chrono Boost)  
  26  2:23  Warp Gate (Chrono Boost)  
  26  2:33  Probe  
  27  2:37  Probe  
  27  2:41  Twilight Council  
  27  2:43  Probe, Adept  
  30  2:50  Probe  
  32  2:54  Probe  
  33  3:02  Probe  
  33  3:04  Probe  
  33  3:05  Robotics Facility  
  35  3:14  Probe  
  35  3:15  Probe  
  35  3:18  Resonating Glaives (Chrono Boost)  
  37  3:26  Probe x2  
  38  3:41  Probe  
  38  3:44  Gateway  
  38  3:45  Gateway  
  38  3:48  Gateway  
  38  3:49  Warp Prism (Chrono Boost)  
  40  3:57  Probe  
  40  3:58  Probe  
  42  4:09  Probe  
  43  4:10  Gateway  
  43  4:19  Gateway x2  
  43  4:24  Pylon  
  43  4:28  Adept  
  45  4:33  Probe, Blink (Chrono Boost)  
  45  4:37  Pylon  
  46  4:42  Probe, Observer  
  46  4:45  Probe, Pylon  
  49  4:54  Probe  
  50  5:17  Adept x6  
  50  5:18  Adept  
  56  5:28  Probe x2  
  56  5:32  Assimilator  
  48  5:36  Assimilator  
  48  5:41  Warp Prism (Chrono Boost)  
  48  5:45  Probe x2  
  48  5:49  Stalker x3  
  54  5:51  Stalker x2  
  54  5:55  Stalker  
  60  6:00  Stalker  
  62  6:12  Stalker x2  
  62  6:13  Stalker  
  62  6:16  Stalker  
  70  6:20  Assimilator  
  70  6:25  Pylon  
  70  6:26  Pylon  
  70  6:43  Probe  
  70  6:44  Stalker x2  
  70  6:45  Stalker x2  
  70  6:47  Stalker  
  81  6:56  Pylon  
  81  6:58  Pylon  
  81  7:20  Stalker x5  
  71  7:44  Adept x3  
  71  7:45  Adept x3  
  73  7:57  Adept  
  69  8:04  Probe x2  
  63  8:10  Adept x3  
  63  8:11  Adept x4  
  69  8:31  Stalker  
  69  8:32  Stalker  
  69  8:37  Stalker  
  69  8:38  Stalker x6  
  71  9:02  Adept x6  
  75  9:03  Adept  
  69  9:23  Stalker x2  
  69  9:24  Stalker  
  73  9:25  Stalker x3  
  73  9:26  Adept  
  71  9:48  Adept x5  
  71  9:50  Adept x2  
Tags
 
Add a new tag
Caveats
  • Supply blocks, unpowered buildings, or Contaminate may cause inaccurate times.
  • Supply counts are checked every 10 seconds.